 Dungeon Crawl Stone Soup version 0.21-a0-591-g2314aa1 (webtiles) character file.

3548 Gerstahl the Fighter (level 9, -13/80 HPs)
             Began as a Demonspawn Gladiator on Dec 22, 2017.
             Mangled by a two-headed ogre
             ... wielding a +0 giant club
              (23 damage)
             ... on level 8 of the Dungeon.
             The game lasted 00:22:54 (11268 turns).

Gerstahl the Fighter (Demonspawn Gladiator)        Turns: 11268, Time: 00:22:56

Health: -13/80     AC:  6    Str: 19    XL:     9   Next: 83%
Magic:  0/9        EV: 18    Int: 11    God:
Gold:   566        SH:  0    Dex: 23    Spells: 8/8 levels left

rFire    . . .     SeeInvis +   a - +0 long sword
rCold    . . .     Gourm    .   (no shield)
rNeg     . . .     Faith    .   b - +0 leather armour
rPois    .         Spirit   +   c - +0 helmet
rElec    .         Reflect  .   (no cloak)
rCorr    .         Harm     .   (no gloves)
MR       .....                  j - +0 pair of boots
Stlth    ++++......             (no amulet)
HPRegen  0.23/turn              e - ring of see invisible
MPRegen  0.22/turn              p - +4 ring of strength

@: agile, flying
A: claws 1, rugged brown scales 1, see invisible, clever 1, nightstalker 1,
magic shield, magic regeneration
a: no special abilities


You were on level 8 of the Dungeon.
You were very hungry.

You visited 2 branches of the dungeon, and saw 9 of its levels.

You collected 566 gold pieces.

Inventory:

Hand Weapons
 a - a +0 long sword (weapon)
Armour
 b - a +0 leather armour (worn)
 c - a +0 helmet (worn)
 j - a +0 pair of boots (worn)
Jewellery
 e - a ring of see invisible (left claw)
 p - a +4 ring of strength (right claw)
 x - a +2 ring of evasion {unknown}
 y - an uncursed amulet of harm {unknown}
 G - an uncursed ring of ice {unknown}
Wands
 d - a wand of flame (31)
Scrolls
 h - 6 scrolls of identify {unknown}
 i - 3 scrolls of fog {unknown}
 k - 3 scrolls of enchant armour {unknown}
 m - a scroll of vulnerability {unknown}
 o - 2 scrolls of magic mapping {unknown}
 q - 2 scrolls of noise {unknown}
 r - a scroll of blinking {unknown}
 t - 2 scrolls of random uselessness {unknown}
 u - a scroll of amnesia {unknown}
 w - 7 scrolls of remove curse {unknown}
 z - 2 scrolls of immolation {unknown}
 A - 2 scrolls of teleportation {unknown}
 C - a scroll of torment {unknown}
Potions
 g - 3 potions of curing
 l - a potion of mutation
 s - a potion of magic {unknown}
 v - 3 potions of agility
 B - a potion of flight
 D - a potion of lignification {unknown}
 F - a potion of degeneration {unknown}
 H - a potion of brilliance {unknown}
Books
 n - a book of Cantrips

   Spells                             Type                      Level
   a - Confusing Touch                Hexes                        1
   b - Animate Skeleton               Necromancy                   1
   c - Summon Small Mammal            Summoning                    1
   d - Apportation                    Translocation                1
 E - a book of Minor Magic

   Spells                             Type                      Level
   a - Magic Dart                     Conjuration                  1
   b - Blink                          Translocation                2
   c - Call Imp                       Summoning                    2
   d - Slow                           Hexes                        2
   e - Conjure Flame                  Conjuration/Fire             3
   f - Mephitic Cloud                 Conjuration/Poison/Air       3
Comestibles
 f - 17 rations


   Skills:
 + Level 10.2 Fighting
 + Level 9.6 Long Blades
 - Level 1.7 Throwing
 - Level 2.6 Dodging


You had 8 spell levels left.
You didn't know any spells.

Dungeon Overview and Level Annotations

Branches:
Dungeon (8/15)             Temple (1/1) D:6            Lair (0/6) D:8

Altars:
Ashenzari
Cheibriados
Elyvilon
Fedhas
Gozag
Hepliaklqana
Kikubaaqudgha
Makhleb
Nemelex Xobeh
Okawaru
Qazlal
Ru
Sif Muna
Trog
Uskayaw
Vehumet
Wu Jian
Xom
Yredelemnul
Zin
The Shining One

Shops:
D:6 [}:

Annotations:
D:5 Amnesiac's ghost, amateur OgAM


Innate Abilities, Weirdness & Mutations

You have sharp fingernails.
You are partially covered in rugged brown scales. (AC +1, +3% HP)
You are slightly more attuned to the shadows.
When hurt, damage is shared between your health and your magic reserves.
You regenerate magic rapidly.
You have supernaturally acute eyesight. (SInv)
Your mind is acute. (Int +2)


Message History

* * * LOW HITPOINT WARNING * * *
The two-headed ogre misses you.
You hit the two-headed ogre.
The two-headed ogre is almost dead.
The two-headed ogre hits you with a giant club!
* * * LOW HITPOINT WARNING * * *
The two-headed ogre closely misses you.
You hit the two-headed ogre.
The two-headed ogre is almost dead.
You hit the two-headed ogre but do no damage.
The two-headed ogre is almost dead.
The two-headed ogre closely misses you.
The two-headed ogre completely misses you.
You hit the two-headed ogre.
The two-headed ogre is almost dead.
The two-headed ogre completely misses you.
You riposte.
You closely miss the two-headed ogre.
The two-headed ogre is almost dead.
The two-headed ogre hits you with a giant spiked club!!
You die...

#..............).##......
#..............###....... #####
#..................>....
###⌠#⌠#####...........####......
##≈≈≈≈≈≈≈###...........# ######.
#⌠≈§....≈⌠##..........## #..
##≈.._..≈##..####..#..# ######.#
#⌠≈.....≈⌠#..###..##### #≈.....#
##≈≈≈)§≈≈###..##@##.# #####≈.####
§####(####≈#....O...###...#..#
≈≈≈≈≈.≈≈≈≈≈#..#<....#.'.#.'≈.##
(...................###.(.#...###
...>(..#......#.....#######≈.....
.......#...(..#......#####≈......
#.....##............###.....>....
##...###.......##...#.#.#.#......
##### #.......#..#........#.....


You could see a two-headed ogre.

Vanquished Creatures
  A two-headed ogre (D:8)
  Edmund (D:4)
  2 sky beasts
  A black bear (D:7)
  5 ogres
  3 centaurs
  2 big kobolds (D:4)
  6 bullfrogs
  A wyvern zombie (D:6)
  2 scorpions
  A howler monkey (D:6)
  A bullfrog zombie (D:8)
  A centaur zombie (D:7)
  2 quasits
  3 crimson imps
  2 hounds
  5 orc priests
  4 jellies (D:8)
  3 orc wizards
  An iguana (D:6)
  4 worker ants
  A killer bee zombie (D:7)
  A hound zombie (D:5)
  A hound skeleton (D:6)
  A worker ant zombie (D:8)
  5 adders
  7 gnolls
  A shadow imp (D:3)
  7 oozes
  An adder skeleton (D:8)
  2 worms
  A dart slug (D:1)
  2 leopard geckos
  26 orcs
  6 bats
  4 giant cockroaches
  42 goblins
  26 hobgoblins
  7 jackals
  7 kobolds
  4 quokkas
  A ball python (D:5)
  6 frilled lizards
  A jackal zombie (D:5)
  A quokka skeleton (D:4)
  5 rats
217 creatures vanquished.

Notes
Turn   | Place    | Note
-------+----------+-------------------------------------------
     0 | D:1      | Gerstahl the Demonspawn Gladiator began the quest for the Orb.
     0 | D:1      | Reached XP level 1. HP: 16/16 MP: 1/1
   199 | D:1      | Gained mutation: When hurt, damage is shared between your health and your magic reserves. [demonic ancestry]
   199 | D:1      | Reached XP level 2. HP: 17/23 MP: 2/2
  1271 | D:2      | Found a snail-covered altar of Cheibriados.
  1360 | D:2      | Found a burning altar of Makhleb.
  1360 | D:2      | Noticed a crimson imp
  1369 | D:2      | Killed a crimson imp
  1369 | D:2      | Reached skill level 3 in Fighting
  1369 | D:2      | Reached XP level 3. HP: 21/29 MP: 1/3
  1676 | D:2      | Gained mutation: You have sharp fingernails. [demonic ancestry]
  1676 | D:2      | Reached XP level 4. HP: 35/35 MP: 4/4
  2080 | D:3      | Found a radiant altar of Vehumet.
  2572 | D:3      | Found a faded altar of an unknown god.
  2979 | D:3      | Gained mutation: You are partially covered in rugged brown scales. (AC +1, +3% HP) [demonic ancestry]
  2979 | D:3      | Reached XP level 5. HP: 30/43 MP: 3/5
  2988 | D:3      | Reached skill level 4 in Fighting
  4459 | D:4      | Reached XP level 6. HP: 41/50 MP: 6/6
  4548 | D:4      | Found a sacrificial altar of Ru.
  4553 | D:4      | Found an ornate altar of the Wu Jian Council.
  4556 | D:4      | Found a white marble altar of Elyvilon.
  4647 | D:4      | Noticed Edmund
  4685 | D:4      | Killed Edmund
  4685 | D:4      | Reached skill level 5 in Fighting
  4685 | D:4      | Reached skill level 5 in Long Blades
  5028 | D:4      | HP: 2/52 [ogre/giant spiked club (11)]
  5438 | D:4      | Gained mutation: You are slightly more attuned to the shadows. [demonic ancestry]
  5438 | D:4      | Reached XP level 7. HP: 45/57 MP: 5/7
  5951 | D:4      | Reached skill level 6 in Fighting
  6201 | D:5      | Entered Level 5 of the Dungeon
  6201 | D:5      | Found a glowing golden altar of the Shining One.
  6284 | D:5      | Noticed Amnesiac's ghost (amateur OgAM)
  7178 | D:6      | Found Iphidogum's Gadget Shop.
  7181 | D:6      | Found Kaamnet's Antique Armour Boutique.
  7218 | D:6      | Gained mutation: You regenerate magic rapidly. [demonic ancestry]
  7218 | D:6      | Reached XP level 8. HP: 44/66 MP: 5/8
  7373 | D:6      | Reached skill level 7 in Fighting
  8093 | D:6      | Found Ysigoxif's Book Emporium.
  8221 | D:6      | Found a staircase to the Ecumenical Temple.
  8230 | Temple   | Entered the Ecumenical Temple
  8594 | D:6      | Found a shattered altar of Ashenzari.
  8594 | D:6      | Found a deep blue altar of Sif Muna.
  8701 | D:7      | Found a white marble altar of Elyvilon.
  8792 | D:7      | Reached skill level 8 in Fighting
  9339 | D:7      | Reached XP level 9. HP: 77/77 MP: 9/9
  9897 | D:8      | Found a staircase to the Lair.
  9908 | D:8      | Found a bloodstained altar of Trog.
  9949 | D:8      | Found an iron altar of Okawaru.
  9963 | D:8      | Reached skill level 9 in Fighting
  9965 | D:8      | Noticed a two-headed ogre
 10113 | D:8      | Found a stormy altar of Qazlal.
 10114 | D:8      | Noticed a two-headed ogre
 10125 | D:8      | Killed a two-headed ogre
 10394 | D:8      | HP: 3/80 [centaur (4)]
 10397 | D:8      | Reached skill level 10 in Fighting
 10559 | D:8      | Noticed a two-headed ogre
 11254 | D:8      | Gained mutation: Your mind is acute. (Int +2) [potion of mutation]
 11254 | D:8      | Gained mutation: You have supernaturally acute eyesight. (SInv) [potion of mutation]
 11268 | D:8      | Mangled by a two-headed ogre

Vault maps used:
D:1:      evilmike_arrival_run_for_it
D:2:      makhleb_grotto_becter, lemuel_doored_altar
D:3:      fiery_altar_vehumet, first_ration, chequers_ecumenical_altar_island,
          st_stairs_1, guppyfry_early_orc_mine
D:4:      minmay_goblin_kobold_castle, minmay_overflow_temple_star_quad,
          uniq_edmund
D:5:      overflow_temple_1_default
D:6:      gammafunk_temple_overflow_wave, temple_fountains, serial_shops,
          shop_fountains, shop, shop, roderic_serpentine_path
D:7:      elyvilon_altar_5
D:8:      old_standard_altar, lightli_temple_of_fire, overflow_temple_1_default,
          hangedman_little_slice_of_home, st_stairs_12
Temple:   nicolae_temple_figure_zero

Skill      XL: |  1  2  3  4  5  6  7  8  9 |
---------------+----------------------------+-----
Long Blades    | 3 4 5 6 8 9 |  9.6
Fighting       | 3 4 5 6 8 10 | 10.2
Throwing       | |  1.7
Dodging        | |  2.6

Action                   |  1- 3 |  4- 6 |  7- 9 || total
-------------------------+-------+-------+-------++-------
Melee: Long sword        |    88 |   234 |   445 ||   767
Throw: Throwing net      |       |     3 |     1 ||     4
  Use: Potion            |       |     5 |     4 ||     9
 Stab: Sleeping          |     2 |       |    15 ||    17
       Distracted        |       |       |     3 ||     3
       Held in net/web   |       |       |     2 ||     2
  Eat: Chunk             |     2 |     8 |    13 ||    23
       Ration            |       |     1 |     2 ||     3
Armor: Leather armour    |    25 |    64 |   132 ||   221
Dodge: Dodged            |    69 |   173 |   339 ||   581
       Rpst.: Long sword |    19 |    51 |   108 ||   178

Table legend:
 A = Spawn XP
 B = Non-spawn XP
 C = Spawn XP percentage of total XP
 D = Spawn monster count
 E = Non-spawn monster count
 F = Spawn count percentage of total count
 G = Total turns spent on level
                    A         B        C        D         E        F      G
               +---------+---------+-------+---------+---------+-------+---------
         Total |       0 |    5069 |   0.0 |       0 |     217 |   0.0 | 11268
               +---------+---------+-------+---------+---------+-------+---------
           D:1 |       0 |      33 |   0.0 |       0 |      17 |   0.0 |  1257
           D:2 |       0 |      78 |   0.0 |       0 |      14 |   0.0 |   700
           D:3 |       0 |     105 |   0.0 |       0 |      36 |   0.0 |  1571
           D:4 |       0 |     860 |   0.0 |       0 |      74 |   0.0 |  2750
           D:5 |       0 |     311 |   0.0 |       0 |      15 |   0.0 |   838
           D:6 |       0 |     695 |   0.0 |       0 |      10 |   0.0 |  1466
           D:7 |       0 |    1056 |   0.0 |       0 |      23 |   0.0 |  1617
           D:8 |       0 |    1931 |   0.0 |       0 |      28 |   0.0 |   951
               +---------+---------+-------+---------+---------+-------+---------
